 Dungeon Crawl Stone Soup version 0.17.1-1-g73c8601 (webtiles) character file.

10150 Gargoyl the Fighter (level 11, -1/80 HPs)
             Began as a Demonspawn Abyssal Knight on Dec 22, 2015.
             Was the Champion of Lugonu.
             Slain by an unseen horror (8 damage)
             ... on level 11 of the Dungeon.
             The game lasted 00:27:47 (14130 turns).

Gargoyl the Fighter (Demonspawn Abyssal Knight)    Turns: 14130, Time: 00:27:48

Health: -1/80      AC: 29    Str: 19 (20) XL:     11   Next: 32%
Magic:  12/12      EV:  8    Int: 13 (14) God:    Lugonu [******]
Gold:   548        SH:  0    Dex: 12 (13) Spells: 0 memorised, 10 levels left

rFire  x . .     SeeInvis .     A - +1 battleaxe
rCold  + . .     Clarity  +     c - +4 plate armour
rNeg   . . .     SustAt   .     (shield currently unavailable)
rPois  +         Gourm    .     (helmet unavailable)
rElec  .         Spirit   .     l - +0 cloak of Sif Muna's Reproof {rPois rF- rC+ Str+3}
rCorr  .         Warding  .     y - +0 pair of gloves
rMut   .         Stasis   .     H - +0 pair of boots
MR     .....                    (no amulet)
Stlth  ..........               s - +5 ring of protection
                                q - +2 ring of slaying

@: not resistant to hostile enchantments, extremely unstealthy
A: horns 3, thin metallic scales 1, clarity, demonic guardian 2, deterioration
2, frail 1, slow regeneration 1, strong 1
a: Depart the Abyss, Bend Space, Banish, Corrupt, Enter the Abyss, Brand Weapon
With Distortion, Renounce Religion


You were on level 11 of the Dungeon.
You worshipped Lugonu.
Lugonu was exalted by your worship.
You were not hungry.

You visited 1 branch of the dungeon, and saw 11 of its levels.
You visited the Abyss 1 time.
You also visited: Sewer.

You collected 702 gold pieces.
You spent 154 gold pieces at shops.

Inventory:

Hand Weapons
 o - a +0 war axe
 p - a +0 flail
 A - a +1 battleaxe (weapon)
Missiles
 n - 4 javelins (quivered)
 z - 15 tomahawks
Armour
 c - a +4 plate armour (worn)
 l - the +0 cloak of Sif Muna's Reproof (worn) {rPois rF- rC+ Str+3}
   (You found it on level 5 of the Dungeon)

   It affects your strength (+3).
   It makes you vulnerable to fire.
   It protects you from cold.
   It protects you from poison.
 y - a +0 pair of gloves (worn)
 H - a +0 pair of boots (worn)
Jewellery
 b - an uncursed amulet of resist mutation
 q - a +2 ring of slaying (left hand)
 s - a +5 ring of protection (right hand)
 t - an uncursed amulet of warding {unknown}
 w - an uncursed ring of stealth
 D - an uncursed ring of stealth
Wands
 d - a wand of cold (0)
Scrolls
 a - 10 scrolls of remove curse
 k - a scroll of teleportation
 u - a scroll of enchant weapon
 B - a scroll of fog
 F - a scroll of blinking
Potions
 e - 3 potions of agility
 f - a potion of might {unknown}
 g - a potion of cancellation {unknown}
 h - 7 potions of curing
 i - a potion of flight
 j - 6 potions of heal wounds
 v - a potion of invisibility
 x - 2 potions of brilliance
Books
 m - a book of Enchantments

   Spells                             Type                      Level
   a - Cause Fear                     Hexes                        4
   b - Silence                        Hexes/Air                    5
   c - Deflect Missiles               Charms/Air                   6
   d - Haste                          Charms                       6
   e - Discord                        Hexes                        8
 G - a Necronomicon

   Spells                             Type                      Level
   a - Haunt                          Necromancy/Summoning         7
   b - Borgnjor's Revivification      Necromancy                   8
   c - Death's Door                   Charms/Necromancy            8
   d - Necromutation                  Transmutation/Necromancy     8
Comestibles
 r - a bread ration
 C - a meat ration


   Skills:
 + Level 9.4 Fighting
 + Level 9.2 Axes
 + Level 1.0 Throwing
 + Level 9.3 Armour
 + Level 5.8 Dodging
 + Level 1.7 Stealth
 + Level 2.6 Invocations
 + Level 1.2 Evocations


You had 10 spell levels left.
You didn't know any spells.

Dungeon Overview and Level Annotations

Branches:
Dungeon (11/15)            Temple (0/1) D:4            Lair (0/8) D:11
    Orc: D:9-12

Altars:
Gozag
Kikubaaqudgha
Okawaru
The Shining One

Shops:
D:6 !


Innate Abilities, Weirdness & Mutations

You have a pair of large horns on your head.
You are partially covered in thin metallic scales (AC +2).
A demonic guardian rushes to your aid.
You possess an exceptional clarity of mind.
Your body often deteriorates upon taking damage.
You are frail (-10% HP).
You regenerate slowly when monsters are visible.
Your muscles are strong. (Str +2)


Message History

Something hits you but does no damage.
You are engulfed in a cloud of scalding steam.
Something hits you but does no damage. x2
The steam dragon bites you.
The steam dragon claws you but does no damage.
Something hits you but does no damage.
You closely miss something. You hit the steam dragon.
The steam dragon is lightly wounded.
Something hits you but does no damage. x2
The steam dragon breathes steam at you. The ball of steam hits you!
The steam scalds you terribly!
You hear an angry hiss.
You closely miss something. You closely miss the steam dragon.
The steam dragon is lightly wounded.
You are engulfed in a cloud of scalding steam.
* * * LOW HITPOINT WARNING * * *
Something hits you.
* * * LOW HITPOINT WARNING * * *
Something hits you but does no damage. Something hits you!
You die...

##..## .........# ##.#
.........## #.##
..........# #.#
..........###.#
...........#..#
.....?....##.##
.........###.#
........D@{..###
.......####....#####
......# ##........###
#....# ##...........###
#####
###..............##
####.................##
......................#
......................#
......................#


You could see a steam dragon.

Vanquished Creatures
  An unseen horror (D:10)
  Pikel (D:7)
  2 hill giants
  A cyclops (D:11)
  The ghost of Zex the Digger, a novice GrEE (D:5)
  A trapdoor spider zombie (D:11)
  Sigmund (D:4)
  2 yaks (D:11)
  3 hungry ghosts
  2 hippogriffs
  Menkaure (D:5)
  A warg (D:11)
  A water moccasin (D:10)
  A slave (D:7)
  5 ice beasts
  6 orc warriors
  A phantom (D:7)
  8 ogres
  2 centaurs (D:11)
  4 big kobolds
  6 giant frogs
  4 scorpions
  3 wights (D:7)
  5 crimson imps
  9 orc wizards
  5 jellies
  A giant frog zombie (D:5)
  6 orc priests
  4 centaur skeletons
  4 hounds
  2 giant frog skeletons
  An iguana (D:8)
  8 worker ants
  4 hound skeletons
  A worker ant zombie (D:5)
  4 river rats (Sewer)
  4 gnolls (D:10)
  Natasha (D:3)
  9 adders
  2 shadow imps
  An ooze (D:6)
  3 adder skeletons
  3 worms
  7 giant geckos
  36 orcs
  7 bats
  7 giant cockroaches
  9 goblins
  10 hobgoblins
  3 quokkas
  10 ball pythons
  5 giant newts
  8 jackals
  37 kobolds
  24 rats
298 creatures vanquished.

Vanquished Creatures (collateral kills)
  The ghost of Clownie the Cleaver, a novice FoFi of the Shining One (D:8)
  A hill giant (D:10)
  An ugly thing (D:11)
  A komodo dragon (D:11)
  A two-headed ogre (D:9)
  A shadow (D:11)
  A yak (D:11)
  A steam dragon (D:10)
  A warg (D:11)
  The ghost of AncientHorror the Chopper, an amateur HOFi (D:4)
  A big kobold (Sewer)
  A gnoll sergeant (D:10)
  A scorpion (D:5)
  A crimson imp (D:8)
  A hound (D:8)
  A giant frog skeleton (D:10)
  Natasha (D:3)
  A worker ant (D:3)
  3 orc wizards
  4 orcs
  3 jackals (D:3)
  A bat (D:3)
29 creatures vanquished.

Vanquished Creatures (others)
  A slave (D:7)
  An orc wizard (D:7)
  A gnoll (D:10)
  3 orcs (D:7)
6 creatures vanquished.

Grand Total: 333 creatures vanquished

Notes
Turn   | Place    | Note
--------------------------------------------------------------
     0 | Abyss:1  | Gargoyl the Demonspawn Abyssal Knight began the quest for the Orb.
     0 | Abyss:1  | Reached XP level 1. HP: 18/18 MP: 2/2
   102 | Abyss:1  | Noticed an ancient zyme
   115 | Abyss:1  | Noticed a wretched star
   116 | D:1      | Escaped the Abyss
   408 | D:1      | Reached skill level 1 in Dodging
   619 | D:1      | Gained mutation: You are partially covered in thin metallic scales (AC +2). [demonic ancestry]
   619 | D:1      | Reached XP level 2. HP: 16/24 MP: 3/3
   860 | D:1      | Reached * piety under Lugonu
  1348 | D:2      | Reached XP level 3. HP: 29/29 MP: 4/4
  2227 | D:2      | Found an iron altar of Okawaru.
  2812 | D:3      | Reached ** piety under Lugonu
  2812 | D:3      | Gained mutation: A weak demonic guardian rushes to your aid. [demonic ancestry]
  2812 | D:3      | Reached XP level 4. HP: 22/37 MP: 5/5
  2993 | D:3      | Reached XP level 5. HP: 17/42 MP: 6/6
  3009 | D:3      | Reached skill level 4 in Fighting
  3551 | D:3      | Reached XP level 6. HP: 35/48 MP: 7/7
  3557 | D:3      | Noticed Natasha
  3562 | D:3      | Killed Natasha
  3712 | D:3      | Reached *** piety under Lugonu
  3779 | D:3      | Found a faded altar to an unknown god.
  3949 | D:3      | Noticed Natasha
  3957 | D:3      | Killed Natasha
  4139 | D:4      | Noticed Sigmund
  4152 | D:4      | Killed Sigmund
  4481 | D:4      | Found a staircase to the Ecumenical Temple.
  4662 | D:4      | Gained mutation: You have a pair of small horns on your head. [demonic ancestry]
  4662 | D:4      | Reached XP level 7. HP: 49/55 MP: 8/8
  4684 | D:4      | Found an ancient bone altar of Kikubaaqudgha.
  4926 | D:4      | Noticed AncientHorror's ghost (amateur HOFi)
  4935 | D:4      | Killed AncientHorror's ghost
  5272 | D:4      | Reached skill level 1 in Stealth
  5598 | D:5      | Entered Level 5 of the Dungeon
  5734 | D:5      | Found a glowing drain.
  5743 | Sewer    | Entered a sewer
  5787 | Sewer    | Reached skill level 5 in Fighting
  5787 | Sewer    | Reached skill level 5 in Armour
  5855 | Sewer    | Reached **** piety under Lugonu
  5916 | Sewer    | Reached XP level 8. HP: 42/62 MP: 9/9
  6689 | D:5      | Got a polished cloak
  6695 | D:5      | Identified the +0 cloak of Sif Muna's Reproof {rPois rF- rC+ Str+3} (You found it on level 5 of the Dungeon)
  6738 | D:5      | Noticed Zex's ghost (novice GrEE)
  6739 | D:5      | Found an opulent altar of Gozag.
  6757 | D:5      | Killed Zex's ghost
  6994 | D:5      | Noticed Menkaure
  7009 | D:5      | Killed Menkaure
  7190 | D:5      | Reached skill level 6 in Fighting
  7202 | D:5      | Reached skill level 5 in Axes
  7416 | D:5      | You fall through a shaft for 3 floors!
  7494 | D:7      | Noticed Pikel
  7521 | D:7      | Killed Pikel
  7521 | D:7      | Gained mutation: A demonic guardian rushes to your aid. [demonic ancestry]
  7521 | D:7      | Reached XP level 9. HP: 67/71 MP: 10/10
  7754 | D:6      | Found a glowing golden altar of the Shining One.
  7808 | D:6      | Found Mewokh's Distillery.
  7842 | D:6      | Bought a potion of heal wounds for 70 gold pieces
  7842 | D:6      | Bought a potion of curing for 42 gold pieces
  7842 | D:6      | Bought a potion of curing for 42 gold pieces
  7881 | D:6      | Reached ***** piety under Lugonu
  8080 | D:5      | Reached skill level 7 in Fighting
  8080 | D:5      | Reached skill level 5 in Dodging
  8413 | D:6      | Gained mutation: Your body sometimes deteriorates upon taking damage. [potion of mutation]
  8413 | D:6      | Gained mutation: Your body often deteriorates upon taking damage. [potion of mutation]
  8413 | D:6      | Gained mutation: Your muscles are strong. (Str +2) [potion of mutation]
  9409 | D:7      | Gained mutation: You regenerate slowly when monsters are visible. [potion of mutation]
  9409 | D:7      | Gained mutation: You possess an exceptional clarity of mind. [potion of mutation]
  9409 | D:7      | Gained mutation: You are frail (-10% HP). [potion of mutation]
 10067 | D:8      | Gained mutation: You have a pair of horns on your head. [demonic ancestry]
 10067 | D:8      | Reached XP level 10. HP: 72/72 MP: 11/11
 10128 | D:8      | Noticed Clownie's ghost (novice FoFi)
 10133 | D:8      | Killed Clownie's ghost
 10133 | D:8      | Reached skill level 8 in Fighting
 11365 | D:10     | Entered Level 10 of the Dungeon
 11584 | D:10     | Noticed a hill giant
 11597 | D:10     | Killed a hill giant
 12809 | D:10     | Noticed a hill giant
 12814 | D:10     | Killed a hill giant
 12885 | D:10     | Killed an unseen horror
 12885 | D:10     | Reached skill level 9 in Armour
 12885 | D:10     | Gained mutation: You have a pair of large horns on your head. [demonic ancestry]
 12885 | D:10     | Reached XP level 11. HP: 34/78 MP: 12/12
 13207 | D:11     | Reached ****** piety under Lugonu
 13209 | D:11     | Found a staircase to the Lair.
 13372 | D:11     | Got a steaming shortbow
 13373 | D:11     | Identified the +5 shortbow of Gobuzyoc {speed, *Drain MR+ Str+3} (You found it on level 11 of the Dungeon)
 13413 | D:11     | Noticed a hill giant
 13419 | D:11     | Killed a hill giant
 13436 | D:11     | Reached skill level 1 in Evocations
 14012 | D:11     | Reached skill level 1 in Throwing
 14130 | D:11     | Slain by an unseen horror

Action                   |  1- 3 |  4- 6 |  7- 9 | 10-12 || total
-------------------------+-------+-------+-------+-------++-------
Melee: Hand axe          |   165 |    49 |       |       ||   214
       War axe           |       |   125 |   227 |       ||   352
       Battleaxe         |       |       |   178 |   255 ||   433
Throw: Javelin           |       |       |     4 |     6 ||    10
       Tomahawk          |       |       |       |     1 ||     1
Invok: Depart the Abyss  |     1 |       |       |       ||     1
Evoke: Wand              |       |       |       |     5 ||     5
  Use: Scroll            |     6 |     3 |     3 |    12 ||    24
       Potion            |       |     3 |     9 |     1 ||    13
 Stab: Distracted        |       |       |     1 |     2 ||     3
  Eat: Bread ration      |     2 |     1 |     3 |     4 ||    10
       Chunk             |       |       |     4 |     2 ||     6
       Royal jelly       |       |       |     1 |       ||     1
       Meat ration       |       |       |       |     3 ||     3
       Beef jerky        |       |       |       |     1 ||     1
